TOP OF THE 1ST |
Washington State University Cougars batting - Pitching for University of California Golden Bears : LHP Sueo Iba
|
Pitching: LHP Sueo Iba
|
|
Batting: RHB Danny Dimas
|
0-0: Foul Ball, location: 2F 0-1: SINGLE (Line Drive, 9S, EV 99.4 MPH)
|
Batting: RHB Hugo Montemayor
|
0-0: DOUBLE (Flyball, 89D, EV 111.9 MPH) Danny Dimas to third
|
Batting: RHB David Martin
|
0-0: Foul Ball, location: 2F 0-1: Ball 1-1: Foul Ball, location: 2F 1-2: SINGLE (Line Drive, 9S, EV 96.2 MPH) Danny Dimas scores Hugo Montemayor to third Runner from 3rd tries for Home, SAFE, throw by RF to home
|
Batting: SHB Markus Woolridge
|
0-0: Ball 1-0: Ball 2-0: Foul Ball, location: 2F 2-1: Called Strike 2-2: Foul Ball, location: 2F 2-2: Ball 3-2: Fly out, F7 (Flyball, 78M, EV 81.9 MPH)
|
Batting: LHB Jose Cruz
|
0-0: Ball 1-0: Fielders Choice at 2nd, 6-4 (Groundball, 56, EV 81.2 MPH)
|
Batting: RHB Han Caspers
|
0-0: Called Strike 0-1: Ball 1-1: Called Strike 1-2: Foul Ball, location: 2F 1-2: Ball 2-2: Ground out 4-3 (Groundball, 4, EV 98.1 MPH)
|
Top of the 1st over - 2 runs, 3 hits, 0 errors, 1 left on base; Washington State University 2 - University of California 0 |
BOTTOM OF THE 1ST |
University of California Golden Bears batting - Pitching for Washington State University Cougars : RHP Tom Gordam
|
Pitching: RHP Tom Gordam
|
|
Batting: LHB Robert Gonzalez
|
0-0: Called Strike 0-1: Fly out, F9 (Flyball, 89D, EV 79.4 MPH)
|
Batting: RHB Jorge Gonzalez
|
0-0: Foul Ball, location: 2F 0-1: Foul Ball, location: 2F 0-2: Fly out, F4 (Popup, 4M, EV 60.0 MPH)
|
Batting: RHB Roberto Rios
|
0-0: Ball 1-0: Ball 2-0: Ball 3-0: Called Strike 3-1: Base on Balls
|
Batting: RHB Willie Camacho
|
0-0: Called Strike 0-1: Ground out U3 (Groundball, 34S, EV 94.4 MPH)
|
Bottom of the 1st over - 0 runs, 0 hits, 0 errors, 1 left on base; Washington State University 2 - University of California 0 |
TOP OF THE 2ND |
Washington State University Cougars batting - Pitching for University of California Golden Bears : LHP Sueo Iba
|
Batting: LHB Mike East
|
0-0: Called Strike 0-1: Ball 1-1: Ball 2-1: Swinging Strike 2-2: Ball 3-2: Strikes out swinging
|
Batting: RHB Patrick Pinault
|
0-0: Foul Ball, location: 2F 0-1: Swinging Strike 0-2: Strikes out swinging, 2-3 out at first.
|
Batting: RHB Sam Callahan
|
0-0: Foul Ball, location: 2F 0-1: Swinging Strike 0-2: Foul Ball, location: 2F 0-2: Ball 1-2: Foul Ball, location: 2F 1-2: Strikes out swinging
|
Top of the 2nd over - 0 runs, 0 hits, 0 errors, 0 left on base; Washington State University 2 - University of California 0 |
BOTTOM OF THE 2ND |
University of California Golden Bears batting - Pitching for Washington State University Cougars : RHP Tom Gordam
|
Batting: RHB Alex Cardenas
|
0-0: Swinging Strike 0-1: Ball 1-1: Ball 2-1: Ball 3-1: Swinging Strike 3-2: Strikes out swinging
|
Batting: LHB Sean Boenig
|
0-0: Ball 1-0: Ball 2-0: Ball 3-0: Called Strike 3-1: Swinging Strike 3-2: Foul Ball, location: 2F 3-2: DOUBLE (Line Drive, 7LS, EV 110.6 MPH)
|
Batting: RHB Ramiro Vega
|
0-0: Ball 1-0: Ball 2-0: Called Strike 2-1: Foul Ball, location: 2F 2-2: Strikes out looking
|
Batting: RHB Austin Doig
|
0-0: Ball 1-0: Ball 2-0: Ball 3-0: Base on Balls
|
Batting: RHB Dan Orozco
|
0-0: Foul Ball, location: 2F 0-1: Ball 1-1: Foul Ball, location: 2F 1-2: Ball 2-2: Ball 3-2: DOUBLE (Line Drive, 5D, EV 110.0 MPH) Sean Boenig scores Austin Doig to third Austin Doig scores
|
Batting: LHB Robert Gonzalez
|
0-0: Called Strike 0-1: Ball 1-1: SINGLE (Line Drive, 34, EV 96.9 MPH) Dan Orozco to third Runner from 3rd tries for Home, SAFE, throw by RF to home
|
Batting: RHB Jorge Gonzalez
|
0-0: Ball 1-0: Fly out, F9 (Flyball, 9, EV 73.1 MPH)
|
Bottom of the 2nd over - 3 runs, 3 hits, 0 errors, 1 left on base; Washington State University 2 - University of California 3 |
TOP OF THE 3RD |
Washington State University Cougars batting - Pitching for University of California Golden Bears : LHP Sueo Iba
|
Batting: RHB Danny Dimas
|
0-0: Ball 1-0: Ground out U3 (Groundball, 3, EV 88.8 MPH)
|
Batting: RHB Hugo Montemayor
|
0-0: Foul Ball, location: 2F 0-1: Ball 1-1: Called Strike 1-2: Ground out 6-3 (Groundball, 6, EV 83.1 MPH)
|
Batting: RHB David Martin
|
0-0: Ball 1-0: Swinging Strike 1-1: Foul Ball, location: 2F 1-2: Ball 2-2: Ball 3-2: DOUBLE (Line Drive, 89XD, EV 103.1 MPH)
|
Batting: SHB Markus Woolridge
|
0-0: Ball 1-0: Ball 2-0: Called Strike 2-1: Called Strike 2-2: Strikes out swinging
|
Top of the 3rd over - 0 runs, 1 hit, 0 errors, 1 left on base; Washington State University 2 - University of California 3 |
BOTTOM OF THE 3RD |
University of California Golden Bears batting - Pitching for Washington State University Cougars : RHP Tom Gordam
|
Batting: RHB Roberto Rios
|
0-0: Ground out 4-3 (Groundball, 34D, EV 102.5 MPH)
|
Batting: RHB Willie Camacho
|
0-0: Swinging Strike 0-1: Ball 1-1: Foul Ball, location: 2F 1-2: Ground out 6-3 (Groundball, 6, EV 101.2 MPH)
|
Batting: RHB Alex Cardenas
|
0-0: Foul Ball, location: 2F 0-1: Ball 1-1: Ball 2-1: Swinging Strike 2-2: DOUBLE (Flyball, 8LD, EV 93.8 MPH)
|
Batting: LHB Sean Boenig
|
0-0: Ground out 4-3 (Groundball, 4, EV 93.1 MPH)
|
Bottom of the 3rd over - 0 runs, 1 hit, 0 errors, 1 left on base; Washington State University 2 - University of California 3 |
TOP OF THE 4TH |
Washington State University Cougars batting - Pitching for University of California Golden Bears : LHP Sueo Iba
|
Batting: LHB Jose Cruz
|
0-0: Ball 1-0: Swinging Strike 1-1: Called Strike 1-2: DOUBLE (Flyball, 8LD, EV 86.9 MPH)
|
Batting: RHB Han Caspers
|
0-0: Called Strike 0-1: SINGLE (Groundball, 56D, EV 105.0 MPH) Jose Cruz to third Runner from 3rd tries for Home, throw by LF and OUT! 7-2
|
Batting: LHB Mike East
|
0-0: Ball 1-0: Grounds into double play, 4-6-3 (Groundball, 4M, EV 92.5 MPH)
|
Top of the 4th over - 0 runs, 2 hits, 0 errors, 0 left on base; Washington State University 2 - University of California 3 |
BOTTOM OF THE 4TH |
University of California Golden Bears batting - Pitching for Washington State University Cougars : RHP Tom Gordam
|
Batting: RHB Ramiro Vega
|
0-0: Ball 1-0: Swinging Strike 1-1: Ball 2-1: Foul Ball, location: 2F 2-2: Ball 3-2: Foul Ball, location: 2F 3-2: Base on Balls
|
Batting: RHB Austin Doig
|
0-0: Foul Ball, location: 2F 0-1: Ball 1-1: Foul Ball, location: 2F 1-2: Foul Ball, location: 2F 1-2: Foul Ball, location: 2F 1-2: Ball 2-2: Strikes out swinging
|
Batting: RHB Dan Orozco
|
0-0: Called Strike 0-1: SINGLE (Line Drive, 34, EV 99.4 MPH) Ramiro Vega to second
|
Batting: LHB Robert Gonzalez
|
0-0: Ball 1-0: Called Strike 1-1: Swinging Strike 1-2: Strikes out swinging
|
Pitching: RHP David Aldape
|
|
Batting: RHB Jorge Gonzalez
|
0-0: Ball 1-0: Ball 2-0: Ball 3-0: Foul Ball, location: 2F 3-1: Base on Balls Ramiro Vega to third Dan Orozco to second
|
Batting: RHB Roberto Rios
|
0-0: Called Strike 0-1: Swinging Strike 0-2: Ball 1-2: Ball 2-2: Foul Ball, location: 2F 2-2: Ball 3-2: Foul Ball, location: 2F 3-2: Base on Balls Ramiro Vega scores Dan Orozco to third Jorge Gonzalez to second
|
Batting: RHB Willie Camacho
|
0-0: Called Strike 0-1: Called Strike 0-2: Ball 1-2: Strikes out swinging
|
Bottom of the 4th over - 1 run, 1 hit, 0 errors, 3 left on base; Washington State University 2 - University of California 4 |
TOP OF THE 5TH |
Washington State University Cougars batting - Pitching for University of California Golden Bears : LHP Sueo Iba
|
Pitching: RHP Mario Mata
|
|
Batting: RHB Patrick Pinault
|
0-0: Foul Ball, location: 2F 0-1: Fly out, F1 (Line Drive, P, EV 67.5 MPH)
|
Batting: RHB Sam Callahan
|
0-0: Ball 1-0: Foul Ball, location: 2F 1-1: Swinging Strike 1-2: Strikes out looking
|
Batting: RHB Danny Dimas
|
0-0: Foul Ball, location: 2F 0-1: Ball 1-1: Ball 2-1: SINGLE (Groundball, P, EV 90.6 MPH) (infield hit)
|
Batting: RHB Hugo Montemayor
|
0-0: Ball 1-0: Ball 2-0: Called Strike 2-1: Ball 3-1: Base on Balls Danny Dimas to second
|
Batting: RHB David Martin
|
0-0: Fly out, F4 (Popup, 4M, EV 76.9 MPH)
|
Top of the 5th over - 0 runs, 1 hit, 0 errors, 2 left on base; Washington State University 2 - University of California 4 |
BOTTOM OF THE 5TH |
University of California Golden Bears batting - Pitching for Washington State University Cougars : RHP David Aldape
|
Batting: RHB Alex Cardenas
|
0-0: Called Strike 0-1: Ball 1-1: Foul Ball, location: 2F 1-2: Ball 2-2: Ground out 5-3 (Groundball, 56S, EV 80.6 MPH)
|
Batting: LHB Sean Boenig
|
0-0: Ball 1-0: Swinging Strike 1-1: Ball 2-1: Called Strike 2-2: Strikes out swinging
|
Batting: RHB Ramiro Vega
|
0-0: Ball 1-0: Called Strike 1-1: Foul Ball, location: 2F 1-2: Foul Ball, location: 2F 1-2: Foul Ball, location: 2F 1-2: Ground out 3-1 (Groundball, 34, EV 100.0 MPH)
|
Bottom of the 5th over - 0 runs, 0 hits, 0 errors, 0 left on base; Washington State University 2 - University of California 4 |
TOP OF THE 6TH |
Washington State University Cougars batting - Pitching for University of California Golden Bears : RHP Mario Mata
|
Batting: SHB Markus Woolridge
|
0-0: Called Strike 0-1: Swinging Strike 0-2: Ball 1-2: Foul Ball, location: 2F 1-2: Strikes out swinging
|
Batting: LHB Jose Cruz
|
0-0: Called Strike 0-1: Swinging Strike 0-2: Foul Ball, location: 2F 0-2: Ball 1-2: Ball 2-2: Strikes out looking
|
Batting: RHB Han Caspers
|
0-0: Fly out, F8 (Flyball, 8LM, EV 86.2 MPH)
|
Top of the 6th over - 0 runs, 0 hits, 0 errors, 0 left on base; Washington State University 2 - University of California 4 |
BOTTOM OF THE 6TH |
University of California Golden Bears batting - Pitching for Washington State University Cougars : RHP David Aldape
|
Batting: RHB Austin Doig
|
0-0: Called Strike 0-1: Ball 1-1: Foul Ball, location: 2F 1-2: Ball 2-2: Ball 3-2: Foul Ball, location: 2F 3-2: Strikes out looking
|
Pitching: LHP Doug Whitling
|
|
Batting: RHB Dan Orozco
|
0-0: Called Strike 0-1: Ball 1-1: Foul Ball, location: 2F 1-2: SINGLE (Line Drive, 5D, EV 95.6 MPH)
|
Pinch Hitting: RHB Manny Elizondo
|
0-0: Ball 1-0: Ball 2-0: Ball 3-0: Called Strike 3-1: Called Strike 3-2: DOUBLE (Flyball, 78D, EV 112.5 MPH) Dan Orozco to third
|
Pinch Hitting: RHB Carlos Gonzalez
|
0-0: Ball 1-0: Ball 2-0: Ground out 6-3 (Groundball, 6, EV 100.6 MPH) Dan Orozco scores
|
Batting: RHB Roberto Rios
|
0-0: Ball 1-0: Fly out, F9 (Line Drive, 9, EV 105.0 MPH)
|
Bottom of the 6th over - 1 run, 2 hits, 0 errors, 1 left on base; Washington State University 2 - University of California 5 |
TOP OF THE 7TH |
Washington State University Cougars batting - Pitching for University of California Golden Bears : RHP Mario Mata
|
Now at 3B: Carlos Gonzalez
|
|
Now at SS: Dan Orozco
|
|
Now in LF: Antonio Martinez
|
|
Now in CF: Willie Camacho
|
|
Batting: LHB Mike East
|
0-0: Called Strike 0-1: Fly out, F8 (Flyball, 8LM, EV 85.0 MPH)
|
Batting: RHB Patrick Pinault
|
0-0: Ball 1-0: Ground out 6-3 (Groundball, 6, EV 81.2 MPH)
|
Batting: RHB Sam Callahan
|
0-0: Called Strike 0-1: Ball 1-1: Ball 2-1: Ball 3-1: Called Strike 3-2: Foul Ball, location: 2F 3-2: Ground out U3 (Groundball, 34, EV 78.1 MPH)
|
Top of the 7th over - 0 runs, 0 hits, 0 errors, 0 left on base; Washington State University 2 - University of California 5 |
BOTTOM OF THE 7TH |
University of California Golden Bears batting - Pitching for Washington State University Cougars : LHP Doug Whitling
|
Batting: RHB Willie Camacho
|
0-0: Ball 1-0: Hit by Pitch
|
Pinch Hitting: SHB J.T. Ready
|
0-0: Ball 1-0: Swinging Strike 1-1: Swinging Strike 1-2: Strikes out swinging
|
Pinch Hitting: LHB David Kyle
|
0-0: Ball Willie Camacho is caught stealing 2nd base 2-6 1-0: Ground out 6-3 (Groundball, 6, EV 85.6 MPH)
|
Bottom of the 7th over - 0 runs, 0 hits, 0 errors, 0 left on base; Washington State University 2 - University of California 5 |
TOP OF THE 8TH |
Washington State University Cougars batting - Pitching for University of California Golden Bears : RHP Mario Mata
|
Pitching: RHP Onne Stubbe
|
|
Now at 1B: J.T. Ready
|
|
Now in RF: J.D. Newman
|
|
Pinch Hitting: RHB Terrell Smith
|
0-0: Ball 1-0: Ball 2-0: Ground out 5-3 (Groundball, 5, EV 79.4 MPH)
|
Pinch Hitting: RHB Yang-cheng Kui
|
0-0: Called Strike 0-1: Ball 1-1: SINGLE (Line Drive, 89S, EV 96.9 MPH)
|
Batting: RHB Edwin Gutierrez
|
0-0: Ball 1-0: Ball 2-0: Ball 3-0: Called Strike 3-1: Fielders Choice at 2nd, 1-4 (Groundball, 15, EV 71.9 MPH)
|
Batting: SHB Markus Woolridge
|
0-0: Ball 1-0: Foul Ball, location: 2F 1-1: Foul Ball, location: 2F 1-2: Strikes out looking
|
Top of the 8th over - 0 runs, 1 hit, 0 errors, 1 left on base; Washington State University 2 - University of California 5 |
BOTTOM OF THE 8TH |
University of California Golden Bears batting - Pitching for Washington State University Cougars : LHP Doug Whitling
|
Pitching: LHP Adelino Burns
|
|
Now at SS: Yang-cheng Kui
|
|
Now in CF: Terrell Smith
|
|
Batting: SHB Franklin Garza
|
0-0: Foul Ball, location: 2F 0-1: Ball 1-1: Ground out 5-3 (Groundball, 56, EV 107.5 MPH)
|
Batting: RHB Austin Doig
|
0-0: Foul Ball, location: 2F 0-1: Fly out, F7 (Flyball, 78S, EV 98.1 MPH)
|
Batting: RHB Dan Orozco
|
0-0: Called Strike 0-1: Foul Ball, location: 2F 0-2: Ball 1-2: Strikes out swinging
|
Bottom of the 8th over - 0 runs, 0 hits, 0 errors, 0 left on base; Washington State University 2 - University of California 5 |
TOP OF THE 9TH |
Washington State University Cougars batting - Pitching for University of California Golden Bears : RHP Onne Stubbe
|
Pitching: LHP Kenny Russell
|
|
Batting: LHB Jose Cruz
|
0-0: Swinging Strike 0-1: Foul Ball, location: 2F 0-2: Ball 1-2: Ball 2-2: Foul Ball, location: 2F 2-2: Fly out, F8 (Line Drive, 8LD, EV 95.0 MPH)
|
Pinch Hitting: RHB Alejandro Rios
|
0-0: Called Strike 0-1: Fly out, F9 (Flyball, 9LS, EV 77.5 MPH)
|
Pinch Hitting: RHB Noriya Yasuda
|
0-0: Ball 1-0: Called Strike 1-1: Swinging Strike 1-2: Ball 2-2: Fly out, F8 (Flyball, 8RS, EV 85.6 MPH)
|
Top of the 9th over - 0 runs, 0 hits, 0 errors, 0 left on base; Washington State University 2 - University of California 5 |
|